 Dungeon Crawl Stone Soup version 0.31-a0-365-gcf821cafb2 (webtiles) character file.

Game seed: 1681171100983368195

77219 cforsyth the Prestidigitator (level 15, -3/105 HPs)
             Began as a Gnoll Artificer on July 27, 2023.
             Was a High Priest of Hepliaklqana.
             Killed from afar by an oklob plant (8 damage)
             ... with a splash of acid
             ... on level 5 of the Lair of Beasts.
             The game lasted 00:52:05 (34271 turns).

cforsyth the Prestidigitator (Gnoll Artificer)     Turns: 34271, Time: 00:52:06

Health: -3/105     AC: 16    Str: 12    XL:     15   Next: 56%
Magic:  29/29      EV: 12    Int: 17    God:    Hepliaklqana [*****.]
Gold:   2150       SH: 11    Dex: 13    Spells: 34/34 levels left

rFire   . . .        W - +2 morningstar
rCold   . . .        Q - +0 buckler
rNeg    . . .        J - +4 scale mail
rPois   .            L - +2 helmet
rElec   .            (no cloak)
rCorr   +            H - +0 pair of gloves
SInv    .            x - +1 pair of boots
Will    +....        t - amulet of reflection
Stlth   +++          I - +4 ring of protection
HPRegen 0.37/turn    y - ring of resist corrosion
MPRegen 0.21/turn

%: reflection
@: corroded
A: reduced essence, fangs 1, strong nose, distributed training
a: Renounce Religion, Recall Ancestor, Ancestor Identity, Transference, Idealise


You were on level 5 of the Lair of Beasts.
You worshipped Hepliaklqana.
Hepliaklqana was extremely pleased with you.
You visited 3 branches of the dungeon, and saw 19 of its levels.

You collected 2150 gold pieces.

Inventory:

Hand Weapons
 a - a +0 club
 c - a +2 whip of electrocution
 f - a +4 flail
 j - a +0 short sword of venom
 r - a +4 long sword
 W - a +2 morningstar (weapon)
Missiles
 C - 5 throwing nets
 E - 8 curare-tipped darts
Armour
 b - a +0 leather armour
 w - a +1 leather armour of fire resistance
 x - a +1 pair of boots (worn)
 H - a +0 pair of gloves (worn)
 J - a +4 scale mail (worn)
 L - a +2 helmet (worn)
 Q - a +0 buckler (worn)
Jewellery
 t - an amulet of reflection (around neck)
 y - a ring of resist corrosion (right hand)
 A - an amulet of faith
 B - an amulet of the acrobat
 G - a ring of flight
 I - a +4 ring of protection (left hand)
 R - a ring of ice
 Y - a ring of wizardry
Wands
 d - a wand of charming (4)
 s - a wand of roots (4)
 M - a wand of paralysis (14)
 O - a wand of flame (5)
 U - a wand of polymorph (5)
Scrolls
 g - 2 scrolls of immolation
 l - 3 scrolls of poison
 m - 2 scrolls of revelation
 n - 3 scrolls of enchant weapon
 u - 3 scrolls of teleportation
 v - 2 scrolls of torment
 K - a scroll of fog
 S - 2 scrolls of identify
 V - a scroll of fear
Potions
 e - 3 potions of brilliance
 h - 4 potions of lignification
 i - 3 potions of haste
 k - 5 potions of attraction
 o - 2 potions of might
 p - 2 potions of magic
 q - 2 potions of mutation
 z - 6 potions of curing
 D - 3 potions of enlightenment
 F - 7 potions of ambrosia
 N - 2 potions of heal wounds
 P - a potion of berserk rage
 T - a potion of resistance
 X - a potion of invisibility


   Skills:
 + Level 10.7 Fighting
 + Level 10.3 Short Blades
 + Level 10.3 Long Blades
 + Level 10.3 Axes
 + Level 10.3 Maces & Flails
 + Level 10.3 Polearms
 + Level 10.3 Staves
 + Level 10.3 Ranged Weapons
 + Level 10.3 Throwing
 + Level 11.3 Armour
 + Level 10.7 Dodging
 + Level 10.6 Stealth
 + Level 10.3 Shields
 + Level 10.3 Unarmed Combat
 + Level 10.3 Spellcasting
 + Level 8.7 Conjurations
 + Level 8.7 Hexes
 + Level 8.7 Summonings
 + Level 8.7 Necromancy
 + Level 8.7 Translocations
 + Level 8.7 Transmutations
 + Level 8.7 Fire Magic
 + Level 8.7 Ice Magic
 + Level 8.7 Air Magic
 + Level 8.7 Earth Magic
 + Level 8.7 Poison Magic
 + Level 11.2 Invocations
 + Level 12.2 Evocations
 + Level 8.7 Shapeshifting


You had 34 spell levels left.
You didn't know any spells.
Your spell library contained the following spells:

 Spells                   Type           Power      Damage    Failure   Level
 Blink                    Tloc           76%        N/A       1%          2
 Cigotuvi's Dreadful Rot  Necr/Pois/Air  76%        N/A       1%          2
 Ensorcelled Hibernation  Hex/Ice        76%        N/A       1%          2
 Lesser Beckoning         Tloc           76%        N/A       1%          2
 Momentum Strike          Conj/Tloc      76%        3d10      1%          2
 Passwall                 Tmut/Erth      31%        N/A       1%          2
 Static Discharge         Conj/Air       76%        2-6/arc   1%          2
 Call Canine Familiar     Summ           38%        N/A       3%          3
 Gell's Gravitas          Tloc           38%        N/A       3%          3
 Ignite Poison            Fire/Tmut/Pois 38%        N/A       3%          3
 Portal Projectile        Hex/Tloc       76%        N/A       3%          3
 Swiftness                Air            38%        N/A       3%          3
 Teleport Other           Tloc           38%        N/A       3%          3
 Tukima's Dance           Hex            38%        N/A       3%          3
 Airstrike                Air            19%        2d(3-19)  11%         4
 Anguish                  Hex/Necr       19%        N/A       11%         4
 Animate Dead             Necr           38%        N/A       11%         4
 Iskenderun's Mystic Bla  Conj/Tloc      38%        2d9       11%         4
 Leda's Liquefaction      Hex/Erth       19%        N/A       11%         4
 Summon Lightning Spire   Summ/Air       38%        N/A       11%         4
 Freezing Cloud           Conj/Ice/Air   19%        6-21      28%         5
 Dispersal                Tloc           19%        N/A       85%         6
 Haunt                    Necr/Summ      19%        N/A       100%        7
 Infestation              Necr           19%        N/A       100%        8


Dungeon Overview and Level Annotations

Branches:
Dungeon (13/15)            Temple (1/1) D:6            Lair (5/5) D:10
 Shoals (0/4) Lair:3        Snake (0/4) Lair:3        Slime (0/5) Lair:5
    Orc (0/2) D:12
 Vaults: D:13-14

Altars:
Ashenzari
Cheibriados
Dithmenos
Elyvilon
Fedhas
Gozag
Hepliaklqana
Kikubaaqudgha
Makhleb
Nemelex Xobeh
Okawaru
Qazlal
Ru
Sif Muna
Trog
Uskayaw
Vehumet
Wu Jian
Xom
Yredelemnul
Zin
The Shining One
Jiyva

Shops:
D:4 *   D:8 !   D:9 =   D:10 :(

Annotations:
Lair:5 2 runed translucent doors, exclusion: 3 oklob plants


Innate Abilities, Weirdness & Mutations

Your life essence is reduced to manifest your ancestor. (-10% HP)
You have very sharp teeth.
Your uncanny sense of smell can sniff out nearby items.
Your experience applies equally to all skills.


Message History

Zola hits the oklob plant with a +0 quarterstaff.
You hit the oklob plant.
The oklob plant is almost destroyed.
The oklob plant spits acid at you. The splash of acid misses you.
The oklob plant spits acid at you. The splash of acid hits you! You resist.
Zola hits the oklob plant with a +0 quarterstaff!
The oklob plant is destroyed!
You hit the oklob plant.
The oklob plant is almost destroyed.
The oklob plant spits acid at you. The splash of acid hits you. You resist.
The acid corrodes you!
You hit the oklob plant but do no damage.
The oklob plant is almost destroyed.
The oklob plant spits acid at you.
The splash of acid hits Zola!!
The acid corrodes Zola!
Zola points at the oklob plant and mumbles some strange words.
The bolt of magma hits the oklob plant!!
You puncture the oklob plant!
You destroy the oklob plant!
The oklob plant spits acid at you.
The splash of acid hits Zola!!
Zola seems to be corroded for longer.
Zola is destroyed!
The oklob plant spits acid at you. The splash of acid hits you! You resist.
* * * LOW HITPOINT WARNING * * *
The oklob plant spits acid at you. The splash of acid hits you! You resist.
* * * LOW HITPOINT WARNING * * *
The oklob plant spits acid at you. The splash of acid hits you! You resist.
* * * LOW HITPOINT WARNING * * *
The oklob plant spits acid at you.
You block splash of acid... and reflect it back!
The splash of acid hits the oklob plant.
The oklob plant completely resists.
The oklob plant spits acid at you. The splash of acid hits you! You resist.
You die...

.........####..#
.##.....###.....
####.##.# #.>.P #
#.....# #.P..## #
#....P### #._..## #
#.......# #.....#
###.......###....##
##....#...#.##....#
#.##...#....###.@.#
#...#..#....##....#
........#....###..#
.#.###........#...#
#### #..##........#
#####........#
###......# ###...##
#####


You could see 2 oklob plants.

Vanquished Creatures
  Nessos (D:12)
  Snorg (D:12)
  Fannar (D:12)
  3 hydras
  A two-headed ogre (D:9)
  3 death yaks (Lair:3)
  Pikel (D:4)
  A harpy (Lair:3)
  3 oklob plants
  3 manticores
  A guardian serpent (D:11)
  7 elephants
  2 black mambas (Lair:3)
  7 cane toads
  An unseen horror (D:11)
  4 komodo dragons
  2 rime drakes
  2 polar bears (Lair:5)
  4 trolls
  2 wind drakes (Lair:5)
  A hornet (D:5)
  9 blink frogs
  A dream sheep (Lair:4)
  A shadow (D:11)
  2 wyverns
  2 wraiths
  A vampire (D:11)
  19 yaks
  3 steam dragons
  An acid dragon (D:12)
  Edmund (D:6)
  Duvessa (D:6)
  8 water moccasins
  2 orc warriors
  2 ogres
  4 centaurs
  7 wolves (Lair:2)
  A lemure (D:3)
  3 phantoms
  3 kobold brigands
  8 bullfrogs
  A gnoll sergeant (D:10)
  7 wights
  Dowan (D:6)
  2 troll zombies (D:12)
  10 killer bees
  3 howler monkeys (D:11)
  6 electric eels (D:10)
  3 hounds (D:6)
  6 orc priests
  2 sleepcaps
  A gnoll bouda (D:4)
  An iguana (D:6)
  7 orc wizards
  3 hell rats (Lair:1)
  An ogre zombie (D:12)
  13 adders
  13 gnolls
  A shadow imp (D:7)
  A white imp (D:4)
  An ufetubus (D:5)
  5 worms
  2 dart slugs
  24 orcs
  6 ball pythons
  4 bats
  5 endoplasms
  3 giant cockroaches
  14 goblins
  6 hobgoblins
  3 jackals (D:5)
  6 quokkas
  5 frilled lizards
  A hobgoblin skeleton (D:12)
  A hobgoblin zombie (D:12)
  14 kobolds
  3 orc skeletons (D:12)
  9 orc zombies (D:12)
  9 rats
333 creatures vanquished.

Vanquished Creatures (collateral kills)
  3 hydras
  A merfolk avatar (Lair:5)
  A boulder beetle (D:10)
  A centaur warrior (D:13)
  2 two-headed ogres (D:10)
  14 death yaks
  2 skysharks (Lair:5)
  A deep elf pyromancer (D:13)
  A harpy (Lair:3)
  5 oklob plants
  An ugly thing (D:11)
  3 manticores
  A guardian serpent (D:11)
  A black mamba (Lair:5)
  6 cane toads
  12 elephants
  A torpor snail (Lair:5)
  An unseen horror (D:11)
  2 rime drakes
  3 kobold demonologists
  3 komodo dragons
  3 trolls
  2 polar bears
  Prince Ribbit (D:8)
  A queen bee (D:10)
  4 dream sheep (Lair:4)
  8 blink frogs
  3 wyverns
  2 wraiths
  22 yaks
  4 basilisks
  3 shadows
  A vampire mosquito (D:12)
  3 steam dragons
  14 water moccasins
  3 black bears
  An ice beast (D:8)
  A sky beast (D:8)
  An ogre (D:5)
  A centaur (D:8)
  7 wolves
  A phantom (D:5)
  A kobold brigand (D:5)
  A gnoll sergeant (D:9)
  5 bullfrogs
  23 killer bees
  4 howler monkeys
  10 jellies (Lair:1)
  An orc priest (D:8)
  3 hounds (D:10)
  3 orc wizards
  3 hell rats (Lair:1)
  5 ogre zombies (D:12)
  4 gnolls
  5 orcs (D:9)
  10 endoplasms (Lair:1)
  3 kobolds
  A goblin skeleton (D:12)
  A goblin zombie (D:12)
  2 orc skeletons (D:12)
  7 orc zombies (D:12)
243 creatures vanquished.

Vanquished Creatures (others)
  A yak (D:8)
  2 wights (D:7)
  A hound (D:7)
  19 battlemagi
  3 ancestors
  A gnoll (D:9)
27 creatures vanquished.

Grand Total: 603 creatures vanquished

Notes
Turn   | Place    | Note
-------+----------+-------------------------------------------
     0 | D:1      | cforsyth the Gnoll Artificer began the quest for the Orb.
     0 | D:1      | Reached XP level 1. HP: 17/17 MP: 1/1
    86 | D:1      | Reached XP level 2. HP: 12/23 MP: 2/2
   489 | D:1      | Reached XP level 3. HP: 28/28 MP: 3/3
  1023 | D:2      | Reached skill level 1 in Invocations
  1147 | D:2      | Reached skill level 1 in Short Blades
  1147 | D:2      | Reached skill level 1 in Long Blades
  1147 | D:2      | Reached skill level 1 in Axes
  1147 | D:2      | Reached skill level 1 in Maces & Flails
  1147 | D:2      | Reached skill level 1 in Polearms
  1147 | D:2      | Reached skill level 1 in Staves
  1147 | D:2      | Reached skill level 1 in Ranged Weapons
  1147 | D:2      | Reached skill level 1 in Throwing
  1147 | D:2      | Reached skill level 1 in Shields
  1147 | D:2      | Reached skill level 1 in Unarmed Combat
  1147 | D:2      | Reached skill level 1 in Spellcasting
  1191 | D:2      | Reached XP level 4. HP: 34/34 MP: 5/5
  1825 | D:2      | Reached skill level 1 in Conjurations
  1825 | D:2      | Reached skill level 1 in Hexes
  1825 | D:2      | Reached skill level 1 in Summonings
  1825 | D:2      | Reached skill level 1 in Necromancy
  1825 | D:2      | Reached skill level 1 in Translocations
  1825 | D:2      | Reached skill level 1 in Transmutations
  1825 | D:2      | Reached skill level 1 in Fire Magic
  1825 | D:2      | Reached skill level 1 in Ice Magic
  1825 | D:2      | Reached skill level 1 in Air Magic
  1825 | D:2      | Reached skill level 1 in Earth Magic
  1825 | D:2      | Reached skill level 1 in Poison Magic
  1825 | D:2      | Reached skill level 1 in Shapeshifting
  2123 | D:3      | Found a faded altar of an unknown god.
  2243 | D:3      | Noticed a phantom
  2268 | D:3      | Killed a phantom
  2269 | D:3      | Reached XP level 5. HP: 5/41 MP: 5/7
  2981 | D:3      | Reached XP level 6. HP: 29/47 MP: 8/8
  3252 | D:4      | Noticed Pikel
  3381 | D:4      | Reached skill level 5 in Armour
  3567 | D:4      | HP: 1/47 [Pikel/+2 whip of electrocution (20)]
  3584 | D:4      | Your ally Pikel died
  3585 | D:4      | Reached skill level 7 in Evocations
  3585 | D:4      | Reached XP level 7. HP: 6/53 MP: 9/11
  4140 | D:4      | Found Oxacs's General Store.
  4349 | D:5      | Entered Level 5 of the Dungeon
  4465 | D:4      | Reached XP level 8. HP: 58/60 MP: 12/12
  5108 | D:5      | Noticed a hornet
  5112 | D:5      | Paralysed by a hornet for 3 turns
  5114 | D:5      | Noticed a kobold demonologist
  5149 | D:5      | Noticed a rust devil
  5152 | D:5      | Killed a kobold demonologist
  5153 | D:5      | Reached XP level 9. HP: 21/66 MP: 14/14
  6101 | D:5      | Killed a hornet
  6212 | D:6      | Noticed Duvessa
  6213 | D:6      | Noticed Dowan
  6233 | D:6      | Killed Duvessa
  6234 | D:6      | Reached skill level 5 in Fighting
  6234 | D:6      | Reached skill level 5 in Dodging
  6247 | D:6      | Killed Dowan
  6491 | D:6      | Found a sparkling altar of Nemelex Xobeh.
  6578 | D:6      | Found a staircase to the Ecumenical Temple.
  6704 | Temple   | Entered the Ecumenical Temple
  6715 | Temple   | Became a worshipper of Hepliaklqana the Forgotten
  6754 | Temple   | Reached skill level 5 in Stealth
  7146 | D:6      | Reached skill level 8 in Evocations
  7266 | D:6      | Noticed Edmund
  7274 | D:6      | Killed Edmund
  7275 | D:6      | Reached skill level 5 in Invocations
  7935 | D:7      | Reached * piety under Hepliaklqana
  8302 | D:7      | Reached XP level 10. HP: 37/66 MP: 17/17
  8531 | D:7      | Identified the +8 whip of Zocuipt {heavy, Str+3 Int+4}
  8695 | D:7      | Reached skill level 5 in Short Blades
  8695 | D:7      | Reached skill level 5 in Long Blades
  8695 | D:7      | Reached skill level 5 in Axes
  8695 | D:7      | Reached skill level 5 in Maces & Flails
  8695 | D:7      | Reached skill level 5 in Polearms
  8695 | D:7      | Reached skill level 5 in Staves
  8695 | D:7      | Reached skill level 5 in Ranged Weapons
  8695 | D:7      | Reached skill level 5 in Throwing
  8695 | D:7      | Reached skill level 5 in Shields
  8695 | D:7      | Reached skill level 5 in Unarmed Combat
  8695 | D:7      | Reached skill level 5 in Spellcasting
  9852 | D:8      | Noticed Prince Ribbit
  9871 | D:8      | Killed Prince Ribbit
 10005 | D:8      | Found Lequg's Distillery.
 10401 | D:8      | HP: 1/68 [yak (6)]
 11201 | D:9      | Noticed a two-headed ogre
 11754 | D:9      | Killed a two-headed ogre
 11947 | D:9      | Found an iron altar of Okawaru.
 12471 | D:9      | Reached XP level 11. HP: 72/74 MP: 19/19
 12540 | D:9      | Found Cuighor's Jewellery Shop.
 12627 | D:9      | Reached ** piety under Hepliaklqana
 12628 | D:9      | Remembered your ancestor Zola as a battlemage
 12999 | D:10     | Entered Level 10 of the Dungeon
 13025 | D:10     | Found a glowing silver altar of Zin.
 13057 | D:10     | Reached skill level 9 in Evocations
 13241 | D:10     | Reached skill level 5 in Conjurations
 13241 | D:10     | Reached skill level 5 in Hexes
 13241 | D:10     | Reached skill level 5 in Summonings
 13241 | D:10     | Reached skill level 5 in Necromancy
 13241 | D:10     | Reached skill level 5 in Translocations
 13241 | D:10     | Reached skill level 5 in Transmutations
 13241 | D:10     | Reached skill level 5 in Fire Magic
 13241 | D:10     | Reached skill level 5 in Ice Magic
 13241 | D:10     | Reached skill level 5 in Air Magic
 13241 | D:10     | Reached skill level 5 in Earth Magic
 13241 | D:10     | Reached skill level 5 in Poison Magic
 13241 | D:10     | Reached skill level 5 in Shapeshifting
 13503 | D:10     | Found a staircase to the Lair.
 13592 | D:10     | Reached XP level 12. HP: 81/81 MP: 20/22
 13610 | D:10     | Noticed a two-headed ogre
 13618 | D:10     | Killed a two-headed ogre
 13632 | D:10     | Found Bacwu's Weapon Shoppe.
 13646 | D:10     | Found Baky's Book Emporium.
 15026 | D:10     | Noticed a boulder beetle
 15039 | D:10     | Killed a boulder beetle
 15040 | D:10     | Reached skill level 10 in Evocations
 15113 | D:10     | Noticed a two-headed ogre
 15121 | D:10     | Killed a two-headed ogre
 15203 | D:10     | Found a white marble altar of Elyvilon.
 15787 | D:11     | Reached *** piety under Hepliaklqana
 17244 | D:12     | Found a staircase to the Orcish Mines.
 17446 | D:12     | Reached XP level 13. HP: 89/89 MP: 24/24
 17550 | D:12     | Noticed Fannar
 17576 | D:12     | Killed Fannar
 17766 | D:12     | Noticed Snorg
 17780 | D:12     | Killed Snorg
 18285 | D:12     | Noticed Nessos
 18379 | D:12     | Killed Nessos
 19751 | Lair:1   | Entered Level 1 of the Lair of Beasts
 19854 | Lair:1   | Reached **** piety under Hepliaklqana
 21862 | Lair:2   | Reached ***** piety under Hepliaklqana
 21986 | Lair:3   | Identified the +2 leather armour of the Morning {Str+2}
 21988 | Lair:3   | Identified a scroll of acquirement
 21989 | Lair:3   | Acquired 1014 gold pieces
 22035 | Lair:3   | Reached skill level 10 in Armour
 22035 | Lair:3   | Reached skill level 11 in Evocations
 22043 | Lair:3   | Found a staircase to the Shoals.
 22355 | Lair:3   | Reached XP level 14. HP: 51/97 MP: 26/26
 22887 | Lair:3   | Found a staircase to the Snake Pit.
 23428 | Lair:3   | Reached skill level 10 in Invocations
 23637 | Lair:3   | Found a staircase to the Snake Pit.
 23751 | Lair:3   | Found a staircase to the Shoals.
 24980 | Lair:4   | Upgraded the game from 0.31-a0-360-gb3e1d13bf4 to
                  | 0.31-a0-365-gcf821cafb2
 25773 | Lair:3   | Found a staircase to the Shoals.
 25828 | Lair:3   | Found a staircase to the Snake Pit.
 25998 | Lair:4   | HP: 4/98 [blink frog (10)]
 25998 | Lair:4   | HP: 1/98 [blink frog (3)]
 26719 | Lair:4   | Identified the +4 dagger of Qazlal's Supremacy {elec, *Rage
                  | Dex+3 SInv}
 27109 | Lair:5   | Entered Level 5 of the Lair of Beasts
 27213 | Lair:5   | Reached skill level 10 in Fighting
 27213 | Lair:5   | Reached skill level 10 in Dodging
 27473 | Lair:5   | Reached skill level 10 in Stealth
 27966 | Lair:5   | Reached XP level 15. HP: 66/103 MP: 28/28
 28185 | Lair:5   | Found a large runed translucent door.
 28186 | Lair:5   | Found a large runed translucent door.
 28422 | Lair:4   | Reached skill level 10 in Short Blades
 28422 | Lair:4   | Reached skill level 10 in Long Blades
 28422 | Lair:4   | Reached skill level 10 in Axes
 28422 | Lair:4   | Reached skill level 10 in Maces & Flails
 28422 | Lair:4   | Reached skill level 10 in Polearms
 28422 | Lair:4   | Reached skill level 10 in Staves
 28422 | Lair:4   | Reached skill level 10 in Ranged Weapons
 28422 | Lair:4   | Reached skill level 10 in Throwing
 28422 | Lair:4   | Reached skill level 10 in Shields
 28422 | Lair:4   | Reached skill level 10 in Unarmed Combat
 28422 | Lair:4   | Reached skill level 10 in Spellcasting
 28957 | Lair:4   | Reached skill level 12 in Evocations
 30303 | Lair:3   | Found a staircase to the Snake Pit.
 30495 | Lair:3   | Found a staircase to the Shoals.
 31046 | Lair:3   | Found a staircase to the Snake Pit.
 31171 | Lair:3   | Found a staircase to the Shoals.
 33738 | Lair:5   | Found a viscous altar of Jiyva.
 34249 | Lair:5   | Found a staircase to the Slime Pits.
 34270 | Lair:5   | HP: 5/105 [oklob plant/splash of acid (14)]
 34271 | Lair:5   | Killed from afar by an oklob plant

Illustrated notes

Levels and vault maps discovered:
D:1:      wander_arrival_lonely_grave, layout_basic, serial_bayou_lake_a
D:2:      minmay_wonky_spiral, layout_basic
D:3:      layout_basic, hellmonk_ecumenical_altar_zigzags,
          chequers_serial_rivers_micro_b, minmay_joined_circles
D:4:      layout_gridville, serial_forest, infiniplex_forest_clump_medium,
          infiniplex_forest_corner_1, infiniplex_forest_end_3,
          infiniplex_forest_clump_small, infiniplex_forest_end_3,
          infiniplex_forest_corner_2, infiniplex_forest_clump_small,
          infiniplex_forest_end_1, serial_shops, nicolae_shop_rolling_square,
          item_on_display_a, uniq_pikel
D:5:      layout_rooms, lexackson_kobold_supper
D:6:      layout_loops_ring, kennysheep_mini_moat,
          minmay_temple_entry_nine_rooms, uniq_edmund, uniq_duvessa
D:7:      layout_basic
D:8:      layout_basic, serial_shops, shop, uniq_prince_ribbit1
D:9:      layout_layer_cave, mainiacjoe_overflow_paths, serial_shops,
          nicolae_inconvenience_store
D:10:     layout_roguey [special_room_bee], mainiacjoe_overflow_surrounded_room,
          mainiacjoe_overflow_catwalk, erik_lair_island, serial_shops,
          nicolae_shop_advertising_works [nicolae_subvault_shop_adworks],
          nicolae_stop_n_shop_2
D:11:     nrook_guardian_serpent_snake_passage, layout_basic
D:12:     layout_basic, zombieorc2_lemuel, nrook_uturn, uniq_snorg, uniq_nessos,
          uniq_fannar
D:13:     layout_roguey
Temple:   nicolae_temple_bog_church
Lair:1:   lemuel_slime, layout_gridlike, st_stairs_9, minivault_11, minivault_27
Lair:2:   layout_cave_pods
Lair:3:   layout_roguey, nicolae_shoals_entry_roost,
          minmay_snake_entry_six_corridors
Lair:4:   layout_hall_layers, serial_bayou_shore_b, grunt_megastairs_5,
          infiniplex_staircase_pool_2
Lair:5:   gammafunk_lair_ancient_temple, layout_regular_city,
          minmay_slime_entry_oklob_enclosed, ebering_ghost_disaster_area,
          minmay_lair_oklob_bushes

Skill      XL: |  1  2  3  4  5  6  7  8  9 10 11 12 13 14 15 |
---------------+----------------------------------------------+-----
Invocations    | 1 2 3 4 5 6 7 8 9 10 11 | 11.2
Short Blades   | 1 2 3 4 5 7 8 9 10 | 10.3
Long Blades    | 1 2 3 4 5 7 8 9 10 | 10.3
Axes           | 1 2 3 4 5 7 8 9 10 | 10.3
Maces & Flails | 1 2 3 4 5 7 8 9 10 | 10.3
Polearms       | 1 2 3 4 5 7 8 9 10 | 10.3
Staves         | 1 2 3 4 5 7 8 9 10 | 10.3
Ranged Weapons | 1 2 3 4 5 7 8 9 10 | 10.3
Throwing       | 1 2 3 4 5 7 8 9 10 | 10.3
Shields        | 1 2 3 4 5 7 8 9 10 | 10.3
Unarmed Combat | 1 2 3 4 5 7 8 9 10 | 10.3
Spellcasting   | 1 2 3 4 5 7 8 9 10 | 10.3
Conjurations   | 1 2 3 4 5 6 7 8 |  8.7
Hexes          | 1 2 3 4 5 6 7 8 |  8.7
Summonings     | 1 2 3 4 5 6 7 8 |  8.7
Necromancy     | 1 2 3 4 5 6 7 8 |  8.7
Translocations | 1 2 3 4 5 6 7 8 |  8.7
Transmutations | 1 2 3 4 5 6 7 8 |  8.7
Fire Magic     | 1 2 3 4 5 6 7 8 |  8.7
Ice Magic      | 1 2 3 4 5 6 7 8 |  8.7
Air Magic      | 1 2 3 4 5 6 7 8 |  8.7
Earth Magic    | 1 2 3 4 5 6 7 8 |  8.7
Poison Magic   | 1 2 3 4 5 6 7 8 |  8.7
Shapeshifting  | 1 2 3 4 5 6 7 8 |  8.7
Fighting       | 3 4 5 6 7 8 9 10 | 10.7
Dodging        | 3 4 5 6 7 8 9 10 | 10.7
Stealth        | 3 4 5 6 7 8 9 10 | 10.6
Armour         | 5 6 7 8 9 10 11 | 11.3
Evocations     | 7 8 9 10 11 12 | 12.2

Action                     |  1- 3 |  4- 6 |  7- 9 | 10-12 | 13-15 || total
---------------------------+-------+-------+-------+-------+-------++-------
  Melee: Club              |    48 |       |       |       |       ||    48
         Bite              |     7 |    15 |    64 |    52 |   181 ||   319
         Short sword       |    72 |   229 |       |       |       ||   301
         Punch             |       |     7 |    11 |    20 |       ||    38
         Whip              |       |       |   301 |       |       ||   301
         Long sword        |       |       |    76 |   468 |   863 ||  1407
         Flail             |       |       |       |       |    25 ||    25
         Morningstar       |       |       |       |       |    90 ||    90
 Invoke: Recall Ancestor   |       |       |     1 |       |     7 ||     8
         Ancestor Life: Ba |       |       |       |     1 |       ||     1
  Evoke: Wand              |       |    21 |     7 |    11 |    27 ||    66
    Use: Potion            |     2 |       |     3 |     2 |     3 ||    10
         Scroll            |       |       |       |    23 |     9 ||    32
   Stab: Sleeping          |     5 |     1 |     7 |     5 |     9 ||    27
         Paralysed         |       |       |       |     6 |     7 ||    13
         Distracted        |       |       |       |     6 |    24 ||    30
 Armour: Leather armour    |    39 |    41 |    80 |   151 |       ||   311
         Scale mail        |       |       |       |    82 |   662 ||   744
  Dodge: Dodged            |    88 |    84 |   190 |   358 |   520 ||  1240
  Block: Other             |       |    28 |    82 |   129 |       ||   239
         Reflection        |       |       |     1 |     2 |     7 ||    10
         Buckler           |       |       |       |    59 |   665 ||   724

Table legend: (Time is in decaauts)
 A = Elapsed time spent in this place.
 B = Non-inter-level travel time spent in this place.
 C = Inter-level travel time spent in this place.
 D = Time resting spent in this place.
 E = Time spent auto-exploring this place.
 F = Levels seen in this place.
 G = Mean time per level.
                   A        B        C        D        E       F      G
               +--------+--------+--------+--------+--------+-----+--------+
         Total |  34408 |  33101 |   1307 |   7757 |  19709 |  19 | 1810.9 |
       Dungeon |  19740 |  19006 |    734 |   3712 |  11782 |  13 | 1518.5 |
        Temple |    291 |    281 |     10 |    238 |      0 |   1 |  291.0 |
          Lair |  14377 |  13815 |    562 |   3807 |   7927 |   5 | 2875.4 |
               +--------+--------+--------+--------+--------+-----+--------+

Top non-repeatable levels by time:
  Lair:3: 5360 daAuts
  Lair:4: 3202 daAuts
  Lair:5: 2932 daAuts
     D:9: 2281 daAuts
     D:8: 2250 daAuts
    D:10: 2235 daAuts
     D:4: 2014 daAuts
  Lair:2: 1651 daAuts
    D:12: 1602 daAuts
     D:6: 1531 daAuts
    D:11: 1385 daAuts
  Lair:1: 1230 daAuts
     D:3: 1226 daAuts
     D:7: 1191 daAuts
     D:2: 1097 daAuts
